 Dungeon Crawl Stone Soup version 0.31-a0-844-gdc52ec4e09 (webtiles) character file.

Game seed: 3840869149140874403

39 Pixllover the Trooper (level 3, -2/24 HPs)
             Began as a Gargoyle Berserker on Sept 28, 2023.
             Was a Follower of Trog.
             Slain by Sigmund
             ... wielding a +0 scythe
              (7 damage)
             ... on level 2 of the Dungeon.
             The game lasted 00:01:36 (1260 turns).

Pixllover the Trooper (Gargoyle Berserker)          Turns: 1260, Time: 00:01:37

Health: -2/24      AC: 14    Str: 22    XL:     3   Next: 45%
Magic:  3/3        EV:  6    Int:  7    God:    Trog [*.....]
Gold:   95         SH:  0    Dex:  9    Spells: 2/2 levels left

rFire   . . .        a - +0 hand axe
rCold   . . .        (no shield)
rNeg    + . .        h - +0 plate armour
rPois   ∞            (no helmet)
rElec   +            (no cloak)
rCorr   .            (no gloves)
SInv    .            (no boots)
Will    .....        (no amulet) Stlth
                     (no ring)
HPRegen 0.24/turn    (no ring)
MPRegen 0.08/turn

%: no passive effects
@: no status effects
A: sickness immunity, AC +3, negative energy resistance 1, electricity
resistance, torment resistance 1, petrification resistance
a: Renounce Religion, Berserk


You were on level 2 of the Dungeon.
You worshipped Trog.
Trog was aware of your devotion.
You visited 1 branch of the dungeon, and saw 2 of its levels.

You collected 95 gold pieces.

Inventory:

Hand Weapons
 a - a +0 hand axe (weapon)
Armour
 h - a +0 plate armour (worn)
Scrolls
 d - a scroll of revelation {unknown}
 e - a scroll of identify {unknown}
 f - a scroll of immolation {unknown}
Potions
 c - a potion of enlightenment {unknown}
 g - a potion of attraction {unknown}


   Skills:
 + Level 3.8 Fighting
 + Level 3.3 Axes
 + Level 2.2 Armour
 + Level 1.9 Dodging
 + Level 0.4 Stealth


You had 2 spell levels left.
You didn't know any spells.
Your spell library was empty.

Dungeon Overview and Level Annotations

Branches:
Dungeon (2/15)

Altars:

Annotations:
D:2 Sigmund


Innate Abilities, Weirdness & Mutations

You are immune to sickness and miasma.
Your stone body is resilient. (AC +3)
You are immune to poison.
You resist negative energy. (rN+)
You are resistant to electric shocks. (rElec)
You are resistant to unholy torment.
You are immune to petrification.


Message History

You start putting on your armour.
You continue putting on your +0 plate armour. x5
You finish putting on your +0 plate armour.
You drop a +0 animal skin.
Found a stone staircase leading down.
A giant cockroach and a bat come into view.
Sigmund the Dreaded comes into view.
He is wielding a +0 scythe.
Sigmund shouts!
The bat closely misses you. The bat hits you but does no damage.
Sigmund gestures wildly while chanting.
Sigmund flickers and vanishes!
Deactivating autopickup; reactivate with Ctrl-A.
You slash the bat!
You kill the bat!
Trog accepts your kill.
You see here a bat corpse.
A ball python comes into view.
The ball python hisses angrily.
You closely miss the giant cockroach. The giant cockroach bites you.
You hit the giant cockroach.
The giant cockroach is heavily wounded.
The giant cockroach barely misses you.
The giant cockroach bites you but does no damage.
You slash the giant cockroach!
You kill the giant cockroach!
Trog accepts your kill. Something hits you but does no damage.
Things that are here:
a giant cockroach corpse; a bat corpse You slash something!
You hit the ball python.
You kill the ball python!
Trog accepts your kill.
You hit something. Something hits you but does no damage.
You closely miss something. Your punch misses something. Something hits you!
You hit something. Something hits you but does no damage. Something hits you.
You closely miss something. Something hits you.
* * * LOW HITPOINT WARNING * * *
You miss something. Something hits you!
You die...

#. ##. ... .. #.###
... #.# #...# #.#
#.... #@# # #...#
###{##..#.# #...#
###.......... #...#
#>.....#>###.
######...###.#.##...#
........<..[....#..##
................#..#
.............>..#...
######...###.####..#.


There were no monsters in sight!

Vanquished Creatures
  2 adders (D:2)
  3 endoplasms
  2 giant cockroaches (D:2)
  3 goblins
  A hobgoblin (D:1)
  2 quokkas
  2 ball pythons
  2 bats
  A kobold (D:1)
18 creatures vanquished.

Notes
Turn   | Place    | Note
-------+----------+-------------------------------------------
     0 | D:1      | Pixllover the Gargoyle Berserker began the quest for the
                  | Orb.
     0 | D:1      | Reached XP level 1. HP: 14/14 MP: 1/1
   503 | D:1      | Reached XP level 2. HP: 14/19 MP: 2/2
   740 | D:1      | Found a faded altar of an unknown god.
   741 | D:1      | Found a faded altar of an unknown god.
  1091 | D:2      | Reached XP level 3. HP: 13/24 MP: 3/3
  1244 | D:2      | Noticed Sigmund
  1260 | D:2      | Slain by Sigmund

Illustrated notes

Levels and vault maps discovered:
D:1:      moated_graveyard_arrival, layout_basic,
          hellmonk_ecumenical_altar_the_god_not_taken,
          chequers_serial_rivers_micro_b
D:2:      layout_loops_cross, minmay_tetromino_s4, uniq_natasha, uniq_jessica,
          uniq_sigmund

Skill      XL: |  1  2 |
---------------+-------+-----
Axes           | 3 |  3.3
Fighting       | |  3.8
Armour         | |  2.2
Dodging        | |  1.9
Stealth        | |  0.4

Action                     || total
---------------------------++-------
  Melee: Hand axe          ||    81
         Punch             ||     1
   Stab: Sleeping          ||     1
 Armour: Animal skin       ||    42
         Plate armour      ||    10
  Dodge: Dodged            ||    51

Table legend: (Time is in decaauts)
 A = Elapsed time spent in this place.
 B = Non-inter-level travel time spent in this place.
 C = Inter-level travel time spent in this place.
 D = Time resting spent in this place.
 E = Time spent auto-exploring this place.
 F = Levels seen in this place.
 G = Mean time per level.
                   A        B        C        D        E       F      G
               +--------+--------+--------+--------+--------+-----+--------+
         Total |   1273 |   1253 |     20 |    104 |    784 |   2 |  636.5 |
       Dungeon |   1273 |   1253 |     20 |    104 |    784 |   2 |  636.5 |
               +--------+--------+--------+--------+--------+-----+--------+

Top non-repeatable levels by time:
     D:1: 999 daAuts
     D:2: 273 daAuts
